 Dungeon Sprint DCSS version 0.20-a0-960-ge493e74 (webtiles) character file.

1025 Conn321 the Arsonist (level 8, 0/48 HPs)
             Began as an Octopode Fire Elementalist on Apr 7, 2017.
             Shot with an arrow by a centaur warrior (16 damage)
             ... in the Dungeon (Sprint II: "The Violet Keep of Menkaure").
             The game lasted 00:08:58 (1092 turns).

Conn321 the Arsonist (Octopode Fire Elementalist)   Turns: 1092, Time: 00:08:58

Health: 0/48       AC:  1    Str:  8    XL:     8   Next: 23%
Magic:  1/21       EV: 16    Int: 19    God:
Gold:   2          SH:  0    Dex: 12    Spells: 9/25 levels left

rFire    + . .     SeeInvis .     - Unarmed
rCold    x . .     Gourm    .   (no shield)
rNeg     . . .     Faith    .   (helmet restricted)
rPois    .         Spirit   .   (no amulet)
rElec    .         Reflect  .   g - ring of Shadows {Umbra +Inv Stlth+}
rCorr    .         Harm     .   i - ring of fire
MR       .....     NoTele   +   (no ring)
Stlth    +++++++++.             (no ring)
Regen    0.2/turn               (no ring)
MPRegen  0.2/turn               (no ring)
                                (no ring)
                                (no ring)

@: very slightly contaminated, wreathed by umbra
A: almost no armour, stealthy swim, amphibious, 8 rings, constrict 8, camouflage
1, blurry vision 1, gelatinous body 1
a: Evoke Invisibility


You were in the Dungeon.
You were not hungry.

You visited 1 branch You collected 972 gold pieces.
You spent 970 gold pieces at shops.

Inventory:

Jewellery
 g - the ring of Shadows (left tentacle) {Umbra +Inv Stlth+}
   (You bought it in a shop in the Dungeon)

   [ring of stealth]

   It lets you turn invisible.
   It makes you more stealthy.
 i - a ring of fire (right tentacle)
Scrolls
 h - a scroll of blinking
Potions
 c - a potion of curing
 d - a potion of heal wounds
 e - a potion of haste
 f - a potion of magic
Books
 a - a book of Flames

   Spells                             Type                      Level
   a - Flame Tongue                   Conjuration/Fire             1
   b - Throw Flame                    Conjuration/Fire             2
   c - Conjure Flame                  Conjuration/Fire             3
   d - Inner Flame                    Hexes/Fire                   3
   e - Sticky Flame                   Conjuration/Fire             4
   f - Fireball                       Conjuration/Fire             5
Comestibles
 b - a meat ration


   Skills:
 + Level 1.5 Fighting
 + Level 6.1 Dodging
 + Level 5.8 Stealth
 + Level 3.3 Unarmed Combat
 * Level 9.0 Spellcasting
 * Level 6.6 Conjurations
 + Level 11.0 Fire Magic


You had 9 spell levels left.
You knew the following spells:

 Your Spells              Type           Power        Failure   Level  Hunger
a - Flame Tongue          Conj/Fire      #####        1%          1    None
b - Conjure Flame         Conj/Fire      ######..     1%          3    None
c - Sticky Flame          Conj/Fire      ######..     1%          4    ###....
d - Fireball              Conj/Fire      ######....   8%          5    #####..
e - Inner Flame           Hex/Fire       #####...     2%          3    None


Dungeon Overview and Level Annotations

Branches:
Dungeon (1/1)

Altars:

Shops:
D :(%}!%[%[=!!:?}=

Annotations:
D exclusion: oklob plant, Kirke


Innate Abilities, Weirdness & Mutations

You cannot wear most types of armour.
You are very stealthy in the water. (Stealth+)
You are amphibious.
You can wear up to eight rings at the same time.
You can use your tentacles to constrict eight enemies at once.
Your skin changes colour to match your surroundings (Stealth+).
Your rubbery body absorbs attacks. (AC +1, EV +1)
Scrolls take you a little longer to read.


Message History

The skeletal warrior appears unharmed.
The skeletal warrior is severely damaged.
The skeletal warrior is covered in liquid flames!
The skeletal warrior burns!
The skeletal warrior hits you with a battleaxe!!
Ouch! That really hurt!
* * * LOW HITPOINT WARNING * * *
The skeletal warrior burns!
A centaur warrior comes into view.
The skeletal warrior burns!
There is an open door here.
The centaur warrior shouts!
The centaur warrior wields a glowing shortbow.
It bursts into flame!
The centaur warrior shoots an arrow.
The arrow barely misses you.
You hear a splash.
Really walk into a travel-excluded area?
Okay, then.
The centaur warrior shoots an arrow.
The arrow hits you!
You die...

##..∩.∩...#≈#..###.##...#
##...∩.∩..'≈'##.'.<.'##.+
##....∩.∩.#≈#..###.##.### .
#▓▓▓▓▓▓▓###≈##.###'###.# ..
##hG.######cz####.######≈§§
#)hG#$ ##≈≈≈#.##..# ≈≈≈≈
#∩Ph+! #'#≈##...##≈§≈≈§
#($.#?# #(#≈≈##'##≈≈≈§≈≈
#).. ## ####≈@≈≈≈≈≈≈≈≈≈≈
##+# #+++#+++#≈§§≈
#.§..§.§# ≈ #§§.§.§.§.#
§..§§§8..§§§'
§##.§§.§§§..##§ ##.§..§§§##
# ####+####


You could see a skeletal warrior and a centaur warrior.

Vanquished Creatures
  A merfolk siren (D)
  4 neqoxecs (D)
  Menkaure (D)
  4 worker ants (D)
  A hell rat (D)
  3 worms (D)
14 creatures vanquished.

Vanquished Creatures (others)
  A crocodile (D)
1 creature vanquished.

Grand Total: 15 creatures vanquished

Notes
Turn   | Place    | Note
-------+----------+-------------------------------------------
     0 | D        | Conn321 the Octopode Fire Elementalist began the quest for the Orb.
     0 | D        | Reached XP level 1. HP: 11/11 MP: 3/3
     1 | D        | Noticed a worker ant
     1 | D        | Noticed a worker ant
     3 | D        | Noticed a worker ant
     7 | D        | Killed a worker ant
     7 | D        | Reached skill level 4 in Fire Magic
     7 | D        | Reached XP level 2. HP: 17/17 MP: 1/6
    11 | D        | Reached skill level 1 in Unarmed Combat
    11 | D        | Reached skill level 5 in Fire Magic
    11 | D        | Reached XP level 3. HP: 21/21 MP: 1/7
    13 | D        | Reached skill level 6 in Fire Magic
    13 | D        | Reached XP level 4. HP: 27/27 MP: 1/9
    53 | D        | Killed a crocodile
   304 | D        | Learned a level 3 spell: Conjure Flame
   309 | D        | Learned a level 4 spell: Sticky Flame
   316 | D        | Noticed a merfolk siren
   335 | D        | Killed a merfolk siren
   335 | D        | Reached skill level 5 in Dodging
   335 | D        | Reached skill level 5 in Stealth
   335 | D        | Reached skill level 9 in Fire Magic
   335 | D        | Reached XP level 5. HP: 32/32 MP: 7/14
   335 | D        | Reached XP level 6. HP: 37/37 MP: 8/16
   385 | D        | Noticed Menkaure
   395 | D        | Learned a level 5 spell: Fireball
   399 | D        | Found Wock's Jewellery Shoppe.
   402 | D        | Killed Menkaure
   402 | D        | Reached skill level 1 in Fighting
   402 | D        | Reached skill level 5 in Conjurations
   402 | D        | Reached skill level 10 in Fire Magic
   402 | D        | Reached XP level 7. HP: 7/43 MP: 10/17
   666 | D        | Learned a level 3 spell: Inner Flame
   733 | D        | Noticed a neqoxec
   736 | D        | Noticed a neqoxec
   737 | D        | Killed a neqoxec
   741 | D        | Gained mutation: Scrolls take you a little longer to read. [a neqoxec]
   744 | D        | Killed a neqoxec
   861 | D        | Noticed a neqoxec
   866 | D        | Killed a neqoxec
   866 | D        | Reached XP level 8. HP: 48/48 MP: 9/20
   933 | D        | Noticed an obsidian statue
   959 | D        | Found Ahalytsot's Gadget Emporium.
   960 | D        | Found Soqijaus's Book Shoppe.
   961 | D        | Found Viaggayp's Jewellery Shoppe.
   961 | D        | Found Usenuapp's Antique Armour Emporium.
   961 | D        | Found Gauja Boxu's Food Shoppe.
   962 | D        | Found Nuegh's Food Emporium.
   962 | D        | Found Raneygea's Distillery.
   962 | D        | Found Tyth's Distillery.
   962 | D        | Found Bisam's Gadget Emporium.
   963 | D        | Found Vonkuam's Food Shoppe.
   963 | D        | Found Uninoal's Antique Weapon Emporium.
   963 | D        | Found Tugro's Magic Scroll Shoppe.
   963 | D        | Found Lieklisi's Antique Armour Emporium.
   963 | D        | Noticed a shining eye
   964 | D        | Found Sassadom's Distillery.
   966 | D        | Noticed a shining eye
   966 | D        | Noticed a shining eye
   966 | D        | Noticed an oklob plant
   967 | D        | Reached skill level 11 in Fire Magic
   968 | D        | Found Kairchoc's Book Shoppe.
  1024 | D        | Bought the ring of Shadows {Umbra +Inv Stlth+} for 560 gold pieces
  1024 | D        | Bought an uncursed ring of fire for 350 gold pieces
  1033 | D        | Bought a meat ration for 60 gold pieces
  1063 | D        | Noticed Kirke
  1063 | D        | Noticed a yaktaur captain
  1063 | D        | Noticed a skeletal warrior
  1085 | D        | Noticed a centaur warrior
  1092 | D        | Shot with an arrow by a centaur warrior

Vault maps used:
D:        the_violet_keep_of_menkaure

Skill      XL: |  1  2  3  4  5  6  7  8 |
---------------+-------------------------+-----
Stealth        | 3 5 |  5.8
Spellcasting   | 3 7 8 9 |  9.0
Fire Magic     | 4 5 6 9 10 11 | 11.0
Dodging        | 3 5 6 |  6.1
Unarmed Combat | 1 3 |  3.3
Conjurations   | 4 5 6 |  6.6
Fighting       | 1 |  1.5

Action                   |  1- 3 |  4- 6 |  7- 9 || total
-------------------------+-------+-------+-------++-------
Melee: Unarmed           |     9 |     3 |     2 ||    14
       Constrict         |     3 |     1 |     1 ||     5
       Tentacles         |     2 |     1 |       ||     3
 Cast: Flame Tongue      |     2 |    15 |    12 ||    29
       Conjure Flame     |       |     1 |     1 ||     2
       Sticky Flame      |       |     1 |     5 ||     6
       Fireball          |       |       |     7 ||     7
  Use: Potion            |     1 |     1 |       ||     2
  Eat: Chunk             |       |       |     1 ||     1
       Bread ration      |       |       |     1 ||     1
Dodge: Dodged            |     4 |     4 |     4 ||    12
